 Dungeon Crawl Stone Soup version 0.28-a0-1624-g820543e53a (webtiles) character file.

Game seed: 14383329357916874316

919 HallandMoats the Skirmisher (level 8, -1/70 HPs)
             Began as a Ghoul Fighter on Jan 23, 2022.
             Was an Initiate of Makhleb.
             Slain by a river rat (5 damage)
             ... summoned by Eustachio
             ... on level 5 of the Dungeon.
             The game lasted 00:07:29 (6834 turns).

HallandMoats the Skirmisher (Ghoul Fighter)         Turns: 6834, Time: 00:07:29

Health: -1/70      AC:  9    Str: 26    XL:     8   Next: 9%
Magic:  8/8        EV: 10    Int:  5    God:    Makhleb [......]
Gold:   221        SH:  4    Dex:  8    Spells: 7/7 levels left

rFire   . . .      SeeInvis .   a - +0 long sword
rCold   + . .      Faith    .   c - +0 buckler
rNeg    + + +      Spirit   .   p - +0 scale mail
rPois   ∞          Reflect  .   v - +0 helmet
rElec   .          Harm     .   d - +0 cloak
rCorr   .          Rampage  .   (no gloves)
Will    .....                   (no boots)
Stlth   ..........              (no amulet)
HPRegen 0.00/turn               i - +6 ring of strength
MPRegen 0.11/turn               (no ring)

@: inhibited regen
A: claws 1, cold resistance 1, negative energy resistance 3, inhibited
regeneration, torment resistance 2
a: Renounce Religion


You were on level 5 of the Dungeon.
You worshipped Makhleb.
Makhleb was noncommittal.
You visited 1 branch of the dungeon, and saw 5 of its levels.

You collected 221 gold pieces.

Inventory:

Hand Weapons
 a - a +0 long sword (weapon)
 b - a +0 hunting sling
Missiles
 q - 87 stones (quivered)
Armour
 c - a +0 buckler (worn)
 d - a +0 cloak (worn)
 p - a +0 scale mail (worn)
 v - a +0 helmet (worn)
Jewellery
 i - a +6 ring of strength (left claw)
 l - a +6 ring of intelligence
 o - a ring of wizardry
Scrolls
 e - a scroll of enchant weapon
 f - 2 scrolls of identify
 j - a scroll of enchant armour
 k - a scroll of blinking
 s - 2 scrolls of fog
 t - 2 scrolls of teleportation {unknown}
Potions
 g - 2 potions of curing {unknown}
 h - a potion of mutation {unknown}
 m - a potion of lignification
 n - a potion of berserk rage {unknown}
 r - 2 potions of degeneration {unknown}
 u - 3 potions of brilliance {unknown}


   Skills:
 * Level 5.6 Fighting
 - Level 3.1 Long Blades
 - Level 2.2 Slings
 * Level 2.1 Crossbows
 + Level 4.0 Armour
 + Level 2.6 Dodging
 + Level 4.0 Shields
 * Level 2.5 Invocations


You had 7 spell levels left.
You didn't know any spells.
Your spell library contained the following spells:

 Spells                   Type           Power      Damage    Failure   Level
 Ignite Poison            Fire/Tmut/Pois 0%         N/A       99%         3
 Mephitic Cloud           Conj/Pois/Air  0%         N/A       99%         3
 Tukima's Dance           Hex            0%         N/A       99%         3
 Passage of Golubria      Tloc           0%         N/A       100%        4
 Freezing Cloud           Conj/Ice/Air   0%         6-21      100%        5
 Yara's Violent Unravell  Hex/Tmut       0%         3d3       100%        5


Dungeon Overview and Level Annotations

Branches:
Dungeon (5/15)
 Temple: D:4-7

Altars:
Elyvilon
Kikubaaqudgha
Makhleb
Vehumet
Xom
Yredelemnul

Shops:
D:4 *

Annotations:
D:5 Eustachio


Innate Abilities, Weirdness & Mutations

You thrive by killing the living.
You are immune to poison.
You have sharp fingernails.
Your flesh is cold resistant. (rC+)
You are immune to negative energy. (rN+++)
You do not regenerate when monsters are visible.
You are immune to unholy pain and torment.


Message History

The ufetubus hits you but does no damage.
Eustachio gestures wildly while chanting.
Eustachio blinks!
The quokka twitches its whiskers.
The quokka bites you.
* * * LOW HITPOINT WARNING * * *
You block the river rat's attack.
The ufetubus hits you but does no damage.
The ufetubus closely misses you.
The river rat bites you but does no damage.
Fire: 89 stones
Press: ? - help, Q - select action Shift-Dir - straight line, f/p - Eustachio
Aim: Eustachio, wielding a +0 rapier and wearing a +0 leather armour (almost dead, 46% to hit)
You shoot a stone. The stone barely misses the ufetubus.
The stone hits Eustachio.
Eustachio is almost dead.
You block the ufetubus's attack. x2
The quokka bites you but does no damage.
The river rat misses you. The river rat bites you.
* * * LOW HITPOINT WARNING * * *
The ufetubus barely misses you. x2
Eustachio gestures wildly while chanting.
Eustachio blinks!
The quokka misses you.
Fire: 88 stones
Press: ? - help, Q - select action Shift-Dir - straight line, f/p - Eustachio
Aim: Eustachio, wielding a +0 rapier and wearing a +0 leather armour (almost dead, 46% to hit)
You shoot a stone. The stone barely misses Eustachio.
The ufetubus closely misses you. The ufetubus hits you.
* * * LOW HITPOINT WARNING * * *
The river rat bites you.
* * * LOW HITPOINT WARNING * * *
The quokka twitches its whiskers.
The quokka bites you but does no damage.
The river rat bites you.
* * * LOW HITPOINT WARNING * * *
The ufetubus barely misses you.
The ufetubus hits you but does no damage.
a - a +0 long sword (weapon)
The river rat bites you.
You die...

......>............
(...................#
....................#
....................#
...................)#
....................#
..(.................#
......(@............####
#....(.....5@................
#..........rrr5..........####
#....<......5............###.
#............................
#...........(...(........###.
#...........(...(....†...###.
#............................
#.........(.(.....((.....####
#.......##.####(.(...........


You could see Eustachio, 2 iron imps, 2 river rats, an ufetubus and a quokka
(summoned).

Vanquished Creatures
  Prince Ribbit (D:5)
  A steam dragon (D:5)
  A necrophage (D:4)
  A centaur skeleton (D:5)
  Crazy Yiuf (D:3)
  2 orc priests
  A hound (D:5)
  Jessica (D:3)
  Natasha (twice) (D:3)
  A hound skeleton (D:4)
  10 adders
  8 gnolls (D:4)
  A worm (D:2)
  2 dart slugs
  12 orcs
  5 endoplasms
  2 giant cockroaches
  10 goblins
  8 hobgoblins
  4 jackals (D:3)
  A quokka (D:3)
  5 ball pythons
  6 bats
  A frilled lizard (D:2)
  6 kobolds
  6 rats
99 creatures vanquished.

Notes
Turn   | Place    | Note
-------+----------+-------------------------------------------
     0 | D:1      | HallandMoats the Ghoul Fighter began the quest for the Orb.
     0 | D:1      | Reached XP level 1. HP: 19/19 MP: 0/0
   164 | D:1      | Reached XP level 2. HP: 23/26 MP: 1/1
   607 | D:1      | Reached XP level 3. HP: 33/33 MP: 2/2
  1296 | D:2      | Reached skill level 4 in Fighting
  1667 | D:2      | Reached XP level 4. HP: 34/40 MP: 3/3
  1784 | D:2      | Reached skill level 1 in Dodging
  2848 | D:3      | Noticed Jessica
  2853 | D:3      | Killed Jessica
  3197 | D:3      | Reached XP level 5. HP: 36/47 MP: 4/4
  3246 | D:3      | Noticed Natasha
  3266 | D:3      | Killed Natasha
  3267 | D:3      | Reached skill level 1 in Slings
  3968 | D:3      | Found a runed translucent door.
  3969 | D:3      | Noticed Crazy Yiuf
  4017 | D:3      | Noticed Natasha
  4022 | D:3      | Killed Natasha
  4023 | D:3      | Reached XP level 6. HP: 46/53 MP: 5/5
  4077 | D:3      | Found a shimmering altar of Xom.
  4145 | D:3      | Found a radiant altar of Vehumet.
  4147 | D:3      | Found an ancient bone altar of Kikubaaqudgha.
  4148 | D:3      | Found a basalt altar of Yredelemnul.
  4296 | D:3      | HP: 1/53 [Crazy Yiuf (6)]
  4298 | D:3      | Killed Crazy Yiuf
  4813 | D:4      | Found Habar's Humungous Hoard.
  5052 | D:4      | Noticed a necrophage
  5065 | D:4      | Killed a necrophage
  5227 | D:4      | Found a burning altar of Makhleb.
  5249 | D:4      | Became a worshipper of Makhleb the Destroyer
  5294 | D:4      | Reached skill level 5 in Fighting
  5294 | D:4      | Reached XP level 7. HP: 15/61 MP: 6/6
  6241 | D:5      | Entered Level 5 of the Dungeon
  6266 | D:5      | Reached skill level 1 in Invocations
  6297 | D:5      | Reached skill level 1 in Crossbows
  6308 | D:5      | Noticed Prince Ribbit
  6354 | D:5      | Killed Prince Ribbit
  6485 | D:5      | Noticed a steam dragon
  6619 | D:5      | Killed a steam dragon
  6620 | D:5      | Reached XP level 8. HP: 44/69 MP: 8/8
  6805 | D:5      | Noticed Eustachio
  6834 | D:5      | Slain by a river rat

Illustrated notes

Levels and vault maps discovered:
D:1:      scummos_arrival_gate, layout_basic, hangedman_decor_opposing
D:2:      layout_basic
D:3:      layout_loops_ring, mainiacjoe_overflow_alcove_3,
          general_overflow_altar, uniq_natasha, uniq_jessica,
          uniq_crazy_yiuf_cottage
D:4:      layout_gridville, lemuel_doored_altar, grunt_ministairs_6,
          nicolae_alphabet_shops
D:5:      layout_basic, uniq_prince_ribbit1, uniq_eustachio

Skill      XL: |  1  2  3  4  5  6  7 |
---------------+----------------------+-----
Long Blades    | 2 3 |  3.1
Fighting       | 4 5 |  5.6
Armour         | 3 4 |  4.0
Shields        | 3 4 |  4.0
Dodging        | 1 2 |  2.6
Slings         | 1 2 |  2.2
Invocations    | 2 |  2.5
Crossbows      | 2 |  2.1

Action                   |  1- 3 |  4- 6 |  7- 9 || total
-------------------------+-------+-------+-------++-------
Melee: Long sword        |   125 |   160 |    68 ||   353
 Fire: Hunting sling     |       |    19 |    65 ||    84
  Use: Scroll            |       |     6 |       ||     6
       Potion            |       |     1 |     1 ||     2
Armor: Scale mail        |    54 |    67 |   109 ||   230
Dodge: Dodged            |    58 |    87 |   128 ||   273
Block: Buckler           |    18 |    59 |    51 ||   128

Table legend: (Time is in decaauts)
 A = Elapsed time spent in this place.
 B = Non-inter-level travel time spent in this place.
 C = Inter-level travel time spent in this place.
 D = Time resting spent in this place.
 E = Time spent auto-exploring this place.
 F = Levels seen in this place.
 G = Mean time per level.
                   A        B        C        D        E       F      G
               +--------+--------+--------+--------+--------+-----+--------+
         Total |   6953 |   6572 |    381 |    799 |   4809 |   5 | 1390.6 |
       Dungeon |   6953 |   6572 |    381 |    799 |   4809 |   5 | 1390.6 |
               +--------+--------+--------+--------+--------+-----+--------+

Top non-repeatable levels by time:
     D:3: 2001 daAuts
     D:2: 1881 daAuts
     D:4: 1699 daAuts
     D:1: 865 daAuts
     D:5: 505 daAuts
